 Dungeon Crawl Stone Soup version 0.21-a0-440-g28109cb (webtiles) character file.

7401 kiturien the Carver (level 10, -10/88 HPs)
             Began as a Minotaur Fighter on Nov 10, 2017.
             Was a Believer of Wu Jian.
             Mangled by a two-headed ogre
             ... wielding a cursed -1 giant club
              (12 damage)
             ... on level 8 of the Dungeon.
             The game lasted 00:31:57 (9205 turns).

kiturien the Carver (Minotaur Fighter)              Turns: 9205, Time: 00:31:57

Health: -10/88     AC: 15    Str: 26      XL:     10   Next: 92%
Magic:  9/9        EV:  9    Int:  4 (5)  God:    Wu Jian [**....]
Gold:   464        SH: 15    Dex: 12      Spells: 9/9 levels left

rFire    + . .     SeeInvis .   w - +1 falchion (holy)
rCold    + . .     Gourm    +   c - +3 shield
rNeg     . . .     Faith    .   B - +1 plate armour {MR+}
rPois    .         Spirit   .   A - +0 hat
rElec    .         Reflect  .   z - scarf {rC+ rF+}
rCorr    .         Harm     .   (no gloves)
MR       +....                  (no boots)
Stlth    ..........             q - amulet of the gourmand
HPRegen  0.00/turn              (no ring)
MPRegen  0.11/turn              (no ring)

@: no status effects
A: retaliatory headbutt, horns 2, agile 1, blurry vision 1, inhibited
regeneration, strong 1, no potion heal 1
a: Renounce Religion


You were on level 8 of the Dungeon.
You worshipped Wu Jian.
Wu Jian was pleased with you.
You were not hungry.

You visited 2 branches of the dungeon, and saw 11 of its levels.
You also visited: Sewer.

You collected 464 gold pieces.

Inventory:

Hand Weapons
 a - a +1 long sword
 w - a +1 falchion of holy wrath (weapon)
Missiles
 C - a throwing net (quivered)
Armour
 c - a +3 shield (worn)
 z - a scarf of resistance (worn)
 A - a +0 hat (worn)
 B - a +1 plate armour of magic resistance (worn)
Jewellery
 q - an amulet of the gourmand (around neck)
Wands
 d - a wand of iceblast (7/15)
 r - a wand of acid (5/15)
 y - a wand of iceblast (6/15)
 D - a wand of polymorph (11/24)
 G - a wand of random effects (28/48)
 K - a wand of flame (46/48)
Scrolls
 e - 3 scrolls of magic mapping
 k - 3 scrolls of teleportation
 t - 5 scrolls of remove curse
 u - a scroll of recharging {unknown}
 x - 2 scrolls of identify
 H - a scroll of noise {unknown}
 L - a scroll of enchant armour
Potions
 b - a potion of ambrosia {unknown}
 h - 5 potions of flight
 i - 6 potions of curing
 j - a potion of lignification
 n - 3 potions of cancellation
 o - 2 potions of brilliance
 p - 2 potions of haste
 E - 2 potions of resistance {unknown}
Books
 s - a book of Geomancy

   Spells                             Type                      Level
   a - Sandblast                      Earth                        1
   b - Passwall                       Transmutation/Earth          2
   c - Stone Arrow                    Conjuration/Earth            3
   d - Petrify                        Transmutation/Earth          4
   e - Lee's Rapid Deconstruction     Earth                        5
Comestibles
 f - 7 bread rations
 g - 5 meat rations
 l - 10 royal jellies
 F - 2 fruits


   Skills:
 * Level 8.3 Fighting
 * Level 11.2 Long Blades
 * Level 9.9 Armour
 * Level 5.9 Dodging
 * Level 10.5 Shields


You had 9 spell levels left.
You didn't know any spells.

Dungeon Overview and Level Annotations

Branches:
Dungeon (10/15)            Temple (1/1) D:4
   Lair: D:8-11         Orc: D:9-12

Altars:
Ashenzari
Cheibriados
Dithmenos
Elyvilon
Fedhas
Gozag
Hepliaklqana
Kikubaaqudgha
Makhleb
Nemelex Xobeh
Okawaru
Qazlal
Ru
Sif Muna
Trog
Uskayaw
Vehumet
Wu Jian
Xom
Yredelemnul
Zin
The Shining One


Innate Abilities, Weirdness & Mutations

You reflexively headbutt those who attack you in melee.
You have a pair of horns on your head.
You are agile. (Dex +2)
Scrolls take you a little longer to read.
You do not regenerate when monsters are visible.
Your muscles are strong. (Str +2)
Potions are less effective at restoring your health.


Message History

Really read with blurry vision while enemies are nearby?
Okay, then.
You attack the two-headed ogre from above.
Your plate armour prevents you from hitting the two-headed ogre.
The two-headed ogre is moderately wounded.
You block the two-headed ogre's attack. x2
Unknown command.
You attack the two-headed ogre from above.
You slash the two-headed ogre!
The two-headed ogre is heavily wounded.
You block the two-headed ogre's attack.
The two-headed ogre hits you with a dire flail of holy wrath!
* * * LOW HITPOINT WARNING * * *
Unknown command.
You attack the two-headed ogre from above.
Your plate armour prevents you from hitting the two-headed ogre.
The two-headed ogre is moderately wounded.
You block the two-headed ogre's attack.
The two-headed ogre hits you with a dire flail of holy wrath!
You die...

.###......##..####.# #...#.....##
.###.......#..####.###..###....#
.##....#............#..## #....##
......####.......##...## #......
.....## ###.....####..# ##....##
###..####........###..####..####
#.....................#......###
##..#..........§§§...#...##.....#
#..##....#...#.O@§#####O####..###
..####.##...###§§## ##.# #..# #
.## #......##...## ##..## #.## #
.# ##.....###.##.###....###.# #
## ##.........####....##.....####
.###...###....## ##..###.........
......## #.##..# #..###.###..###
..#...# ##.###.## #......###.## #
.##...###....#..###......##..# #


You could see a two-headed ogre.

Vanquished Creatures
  A two-headed ogre (D:6)
  The ghost of HAL9000 the Slicer, a novice VSAs of Dithmenos (D:6)
  The ghost of tof the Slasher, a novice MiMo (D:4)
  The ghost of cirnu the Slasher, a novice DsCK of Xom (Sewer)
  A centaur skeleton (D:10)
  A troll (D:10)
  A hornet (D:7)
  The ghost of Ashen the Shield-Bearer, an amateur FoFi (D:5)
  4 hogs (D:7)
  A human (D:7)
  2 hungry ghosts
  Menkaure (D:7)
  Duvessa (D:7)
  2 black bears
  2 necrophages
  3 sky beasts
  A phantom (D:6)
  4 centaurs
  4 ogres
  2 big kobolds (Sewer)
  5 bullfrogs
  Dowan (D:7)
  15 killer bees
  A scorpion (D:5)
  2 howler monkeys (D:8)
  3 crimson imps
  A bullfrog zombie (D:8)
  5 hounds
  2 orc priests
  A quasit (D:10)
  Crazy Yiuf (D:7)
  2 bullfrog skeletons
  3 iguanas
  4 orc wizards
  4 worker ants
  A hound skeleton (D:8)
  10 adders
  A river rat (Sewer)
  2 shadow imps
  4 oozes
  An adder zombie (D:7)
  An adder skeleton (D:4)
  3 worms
  3 dart slugs
  6 leopard geckos
  21 orcs
  9 giant cockroaches
  5 goblins
  7 hobgoblins
  15 kobolds
  3 quokkas
  4 ball pythons
  7 bats
  5 frilled lizards
  A quokka skeleton (D:8)
  10 rats
204 creatures vanquished.

Notes
Turn   | Place    | Note
-------+----------+-------------------------------------------
     0 | D:1      | kiturien the Minotaur Fighter began the quest for the Orb.
     0 | D:1      | Reached XP level 1. HP: 19/19 MP: 0/0
   171 | D:1      | Reached XP level 2. HP: 25/27 MP: 1/1
   689 | D:2      | Reached XP level 3. HP: 25/33 MP: 2/2
  1094 | D:3      | Reached skill level 3 in Long Blades
  1107 | D:3      | Reached XP level 4. HP: 28/40 MP: 3/3
  1108 | D:3      | Reached skill level 1 in Dodging
  1693 | D:4      | Noticed a hungry ghost
  1699 | D:4      | Killed a hungry ghost
  1699 | D:4      | Reached skill level 4 in Long Blades
  1699 | D:4      | Reached skill level 5 in Shields
  1699 | D:4      | Reached XP level 5. HP: 47/47 MP: 4/4
  1719 | D:4      | Noticed an ogre
  1727 | D:4      | Noticed tof's ghost (novice MiMo)
  1752 | D:3      | Killed an ogre
  1752 | D:3      | Reached XP level 6. HP: 24/55 MP: 5/5
  2035 | D:4      | Found a glowing drain.
  2039 | Sewer    | Entered a sewer
  2039 | Sewer    | Noticed cirnu's ghost (novice DsCK)
  2059 | Sewer    | Killed cirnu's ghost
  2059 | Sewer    | Reached skill level 5 in Fighting
  2059 | Sewer    | Reached skill level 5 in Long Blades
  2059 | Sewer    | Reached skill level 5 in Armour
  2059 | Sewer    | Reached XP level 7. HP: 12/61 MP: 6/6
  2399 | Sewer    | Reached skill level 6 in Long Blades
  2770 | D:4      | Found a staircase to the Ecumenical Temple.
  2779 | Temple   | Entered the Ecumenical Temple
  2803 | Temple   | Became a worshipper of the Wu Jian Council
  3499 | D:5      | Entered Level 5 of the Dungeon
  3504 | D:5      | Reached XP level 8. HP: 67/70 MP: 7/7
  3521 | D:5      | Noticed Ashen's ghost (amateur FoFi)
  3533 | D:5      | Killed Ashen's ghost
  3533 | D:5      | Reached skill level 7 in Long Blades
  3743 | D:4      | Killed tof's ghost
  3743 | D:4      | Reached skill level 8 in Long Blades
  4279 | D:5      | Found a stormy altar of Qazlal.
  4809 | D:6      | Reached XP level 9. HP: 74/78 MP: 8/8
  4988 | D:6      | Noticed a two-headed ogre
  4997 | D:6      | Killed a two-headed ogre
  4997 | D:6      | Reached skill level 9 in Long Blades
  5340 | D:6      | Reached * piety under Wu Jian
  5380 | D:6      | Noticed HAL9000's ghost (novice VSAs)
  5397 | D:6      | Killed HAL9000's ghost
  5890 | D:7      | Noticed Menkaure
  5896 | D:7      | Killed Menkaure
  5952 | D:7      | Reached skill level 10 in Long Blades
  6236 | D:7      | Reached XP level 10. HP: 81/86 MP: 9/9
  6257 | D:7      | Reached skill level 5 in Dodging
  6616 | D:7      | Found a runed door.
  6620 | D:7      | Noticed Crazy Yiuf
  6623 | D:7      | Killed Crazy Yiuf
  6714 | D:7      | Reached ** piety under Wu Jian
  6809 | D:7      | Noticed Duvessa
  6811 | D:7      | Noticed Dowan
  6820 | D:7      | Killed Dowan
  6825 | D:7      | Killed Duvessa
  7495 | D:8      | Reached skill level 11 in Long Blades
  7498 | D:8      | Gained mutation: Potions are less effective at restoring your health. [mutagenic meat]
  7499 | D:8      | Gained mutation: You are agile. (Dex +2) [mutagenic meat]
  7500 | D:8      | Gained mutation: Scrolls take you a little longer to read. [mutagenic meat]
  7501 | D:8      | Gained mutation: Your muscles are strong. (Str +2) [mutagenic meat]
  7502 | D:8      | Gained mutation: You do not regenerate when monsters are visible. [mutagenic meat]
  8374 | D:9      | Noticed a wizard
  8374 | D:9      | Noticed a wizard
  8375 | D:9      | Noticed an orc sorcerer
  8375 | D:9      | Noticed a wizard
  8385 | D:10     | Entered Level 10 of the Dungeon
  8528 | D:10     | Reached skill level 10 in Shields
  8589 | D:10     | HP: 1/88 [troll (6)]
  8681 | D:10     | Noticed a two-headed ogre
  8719 | D:9      | Noticed a two-headed ogre
  8731 | D:9      | HP: 3/88 [orc warrior/trident (7)]
  8733 | D:9      | HP: 1/88 [hound (2)]
  8770 | D:9      | HP: 3/88 [something (5)]
  8771 | D:9      | Noticed a two-headed ogre
  9203 | D:8      | HP: 2/88 [two-headed ogre/giant club (13)]
  9205 | D:8      | Mangled by a two-headed ogre

Vault maps used:
D:1:      tarquinn_simple_flora_water_a
D:4:      minmay_temple_entry_trees, first_bread, gup_sewer_entry_spiral,
          kennysheep_generic_room_8
D:5:      overflow_temple_1_default, glass_columns_a
D:7:      lemuel_upstairs_altar, grunt_livestock, uniq_duvessa,
          uniq_crazy_yiuf_cottage, uniq_menkaure
D:9:      cheibrodos_wizards_tower, basic_altar, nicolae_two_hexagons
D:10:     basic_altar, bloody_makhleb
Temple:   nicolae_temple_the_god_donut
Sewer:    sewer_co_15_rooms

Skill      XL: |  1  2  3  4  5  6  7  8  9 10 |
---------------+-------------------------------+-----
Shields        | 4 5 6 7 8 10 | 10.5
Fighting       | 4 5 6 7 8 |  8.3
Armour         | 4 5 7 9 |  9.9
Long Blades    | 3 4 5 6 8 10 11 | 11.2
Dodging        | 1 2 3 4 5 |  5.9

Action                   |  1- 3 |  4- 6 |  7- 9 | 10-12 || total
-------------------------+-------+-------+-------+-------++-------
Melee: Long sword        |   110 |    70 |    79 |       ||   259
       Headbutt          |    16 |    14 |    52 |    70 ||   152
       Falchion          |       |       |   202 |   330 ||   532
  Use: Scroll            |     3 |     6 |     5 |     4 ||    18
       Potion            |       |     1 |     1 |     8 ||    10
  Eat: Chunk             |     1 |     2 |    18 |    16 ||    37
       Bread ration      |       |       |     1 |       ||     1
Armor: Scale mail        |    37 |    28 |    37 |       ||   102
       Plate armour      |       |       |    45 |   136 ||   181
Dodge: Dodged            |    35 |    26 |    64 |    80 ||   205
Block: Shield            |    66 |    60 |   129 |   273 ||   528
       Rpst.: Long sword |    11 |    12 |     5 |       ||    28
       Falchion          |       |       |    15 |    16 ||    31

Table legend:
 A = Spawn XP
 B = Non-spawn XP
 C = Spawn XP percentage of total XP
 D = Spawn monster count
 E = Non-spawn monster count
 F = Spawn count percentage of total count
 G = Total turns spent on level
                    A         B        C        D         E        F      G
               +---------+---------+-------+---------+---------+-------+---------
         Total |       0 |   10574 |   0.0 |       0 |     204 |   0.0 |  9205
               +---------+---------+-------+---------+---------+-------+---------
           D:1 |       0 |      32 |   0.0 |       0 |      17 |   0.0 |   589
           D:2 |       0 |      40 |   0.0 |       0 |      13 |   0.0 |   422
           D:3 |       0 |     176 |   0.0 |       0 |      25 |   0.0 |   851
           D:4 |       0 |    1037 |   0.0 |       0 |      25 |   0.0 |  1233
           D:5 |       0 |     584 |   0.0 |       0 |       8 |   0.0 |   610
           D:6 |       0 |    2054 |   0.0 |       0 |      16 |   0.0 |  1285
           D:7 |       0 |    2894 |   0.0 |       0 |      33 |   0.0 |  1003
           D:8 |       0 |    1190 |   0.0 |       0 |      25 |   0.0 |  1917
           D:9 |       0 |     240 |   0.0 |       0 |       5 |   0.0 |    92
          D:10 |       0 |    1608 |   0.0 |       0 |      14 |   0.0 |   331
         Sewer |       0 |     719 |   0.0 |       0 |      23 |   0.0 |   611
               +---------+---------+-------+---------+---------+-------+---------
